 Dungeon Crawl Stone Soup version 0.26.1 (webtiles) character file.

Game seed: 3113061236540974264

237 Gadfly the Cudgeller (level 6, 0/59 HPs)
             Began as an Ogre Gladiator on Feb 7, 2021.
             Slain by an elf zombie (3 damage)
             ... on level 4 of the Dungeon.
             The game lasted 00:07:11 (3987 turns).

Gadfly the Cudgeller (Ogre Gladiator)               Turns: 3987, Time: 00:07:11

Health: 0/59       AC:  3    Str: 21    XL:     6   Next: 6%
Magic:  8/8        EV: 10    Int:  9    God:
Gold:   182        SH:  0    Dex: 10    Spells: 5/5 levels left

rFire    + . .     SeeInvis .   a - +0 flail
rCold    . . .     Faith    .   (no shield)
rNeg     . . .     Spirit   .   o - +0 robe (curse)
rPois    .         Reflect  .   c - +0 hat
rElec    .         Harm     .   (no cloak)
rCorr    .         Rampage  .   (gloves unavailable)
Will     .....                  (boots unavailable)
Stlth    +.........             (no amulet)
HPRegen  0.19/turn              e - ring of protection from fire
MPRegen  0.11/turn              (no ring)

@: no status effects
A: large, unfitting armour, tough skin 1
a: no special abilities


You were on level 4 of the Dungeon.
You visited 1 branch of the dungeon, and saw 4 of its levels.

You collected 182 gold pieces.

Inventory:

Hand Weapons
 a - a +0 flail (weapon)
 b - a +0 morningstar
Missiles
 d - 4 throwing nets
 j - 8 boomerangs (quivered)
Armour
 c - a +0 hat (worn)
 o - a cursed +0 robe (worn)
Jewellery
 e - a ring of protection from fire (left hand)
Wands
 g - a wand of digging (8)
Scrolls
 i - 3 scrolls of remove curse
 n - 4 scrolls of teleportation
Potions
 f - a potion of curing
 h - a potion of berserk rage
 k - 2 potions of might
 m - a potion of mutation


   Skills:
 - Level 2.6 Fighting
 + Level 3.1 Maces & Flails
 + Level 2.9 Throwing
 * Level 2.1 Armour
 - Level 2.6 Dodging
 * Level 3.0 Invocations
 * Level 2.0 Evocations


You had 5 spell levels left.
You didn't know any spells.
Your spell library was empty.

Dungeon Overview and Level Annotations

Branches:
Dungeon (4/15)
 Temple: D:4-7

Altars:
Dithmenos
Vehumet
The Shining One


Innate Abilities, Weirdness & Mutations

You are too large for most types of armour.
You have tough skin. (AC +1)


Message History

* * * LOW HITPOINT WARNING * * *
You closely miss the elf zombie.
The elf zombie is heavily damaged.
The elf zombie hits you.
* * * LOW HITPOINT WARNING * * *
You hit the elf zombie but do no damage.
The elf zombie is heavily damaged.
The elf zombie closely misses you.
You barely miss the elf zombie.
The elf zombie is heavily damaged.
The elf zombie hits you.
* * * LOW HITPOINT WARNING * * *
a - a +0 flail (weapon)
You sock the elf zombie!
The elf zombie is heavily damaged.
The elf zombie barely misses you.
You hit the elf zombie.
The elf zombie is severely damaged.
The elf zombie hits you.
You die...

.............####....##
.........##........###
.........##.....#..#
.....########'#<#.##
....# #.#.### ....
#+#+#.#.. ...
+...'.#..# #...###...
+...@.#.... ###'#'#Z#
#.'.#.#.# #########


You could see an elf zombie.

Vanquished Creatures
  An elf skeleton (D:4)
  2 orc wizards (D:3)
  Ijyb (D:3)
  An adder skeleton (D:4)
  2 leopard geckos
  8 orcs
  7 bats
  5 giant cockroaches
  6 goblins
  4 hobgoblins
  14 jackals
  2 quokkas
  5 ball pythons
  3 frilled lizards
  7 kobolds
  An orc zombie (D:4)
  6 rats
75 creatures vanquished.

Notes
Turn   | Place    | Note
-------+----------+-------------------------------------------
     0 | D:1      | Gadfly the Ogre Gladiator began the quest for the Orb.
     0 | D:1      | Reached XP level 1. HP: 22/22 MP: 1/1
   245 | D:1      | Reached XP level 2. HP: 26/29 MP: 2/2
   478 | D:1      | Reached skill level 1 in Invocations
   873 | D:2      | Reached XP level 3. HP: 19/36 MP: 3/3
  1223 | D:2      | Reached skill level 1 in Evocations
  1253 | D:2      | Reached skill level 1 in Armour
  2152 | D:3      | Noticed Ijyb
  2196 | D:3      | Killed Ijyb
  2197 | D:3      | Reached XP level 4. HP: 17/44 MP: 5/5
  2824 | D:3      | Found a radiant altar of Vehumet.
  2856 | D:3      | HP: 1/44 [something/puff of flame (5)]
  2859 | D:3      | Reached XP level 5. HP: 16/50 MP: 6/6
  3191 | D:3      | Found a glowing golden altar of the Shining One.
  3551 | D:3      | Found a shadowy altar of Dithmenos.
  3820 | D:4      | Reached XP level 6. HP: 13/59 MP: 8/8
  3978 | D:4      | HP: 2/59 [elf zombie (2)]
  3987 | D:4      | Slain by an elf zombie

Illustrated notes

Levels and vault maps discovered:
D:1:      enne_arrival_octagon_isle, layout_rooms
D:2:      layout_basic, minivault_14
D:3:      layout_loops_corners, overflow_temple_1_default,
          nicolae_dithmenos_through_a_glass_darkly,
          nicolae_overflow_crystal_walls, uniq_ijyb
D:4:      layout_cave_pools, nicolae_ossuary_entry_catacombs,
          minmay_mini_ossuary

Skill      XL: |  1  2  3  4  5 |
---------------+----------------+-----
Invocations    | 1 2 3 |  3.0
Evocations     | 1 2 |  2.0
Armour         | 1 2 |  2.1
Maces & Flails | 3 |  3.1
Fighting       | |  2.6
Throwing       | |  2.9
Dodging        | |  2.6

Action                   |  1- 3 |  4- 6 || total
-------------------------+-------+-------++-------
Melee: Flail             |   143 |    41 ||   184
       Unarmed           |    32 |       ||    32
       Morningstar       |       |    71 ||    71
Throw: Boomerang         |    15 |     2 ||    17
  Use: Scroll            |     7 |     3 ||    10
       Potion            |     2 |     2 ||     4
 Stab: Sleeping          |       |     3 ||     3
Armor: Robe              |    56 |    19 ||    75
Dodge: Dodged            |   102 |    59 ||   161
